 Dungeon Crawl Stone Soup version 0.18-a0-1778-gadce9fa (webtiles) character file.

34082 George the Blocker (level 14, -3/124 HPs)
             Began as a Formicid Fighter on Apr 16, 2016.
             Was the Champion of Okawaru.
             Slain by a death yak (19 damage)
             ... led by a torpor snail
             ... on level 3 of the Lair of Beasts.
             The game lasted 01:42:22 (17297 turns).

George the Blocker (Formicid Fighter)              Turns: 17297, Time: 01:42:22

Health: -3/124     AC: 21    Str: 23    XL:     14   Next: 11%
Magic:  22/22      EV:  5    Int:  9    God:    Okawaru [******]
Gold:   911        SH: 18    Dex: 12    Spells: 0 memorised, 13 levels left

rFire  + . .     SeeInvis +     P - +1 great sword (flame)
rCold  + . .     Gourm    .     S - +0 gold dragon armour (curse)
rNeg   . . .     Faith    .     c - +1 shield
rPois  +         Spirit   .     (helmet unavailable)
rElec  .         Dismiss  .     X - +0 cloak
rCorr  .         Reflect  +     (no gloves)
SustAt .         Harm     .     y - +0 pair of boots
MR     +++..                    O - +4 amulet of reflection
Stlth  ..........               E - ring of protection from magic
                                K - ring of protection from magic

@: extremely resistant to hostile enchantments, extremely unstealthy
A: permanent stasis, dig shafts and tunnels, four strong arms, antennae 3,
robust 1
a: Dig, Shaft Self, Heroism, Finesse, Renounce Religion


You were on level 3 of the Lair of Beasts.
You worshipped Okawaru.
Okawaru was exalted by your worship.
You were hungry.

You visited 3 branches of the dungeon, and saw 16 of its levels.
You also visited: Ossuary.

You collected 911 gold pieces.

Inventory:

Hand Weapons
 p - a +2 double sword of flaming
 t - a +5 falchion of holy wrath
 P - a +1 great sword of flaming (weapon)
Missiles
 A - a throwing net
 M - 4 poisoned javelins
 W - 3 javelins of returning (quivered)
Armour
 c - a +1 shield (worn)
 y - a +0 pair of boots (worn)
 S - a cursed +0 gold dragon armour (worn)
 X - a +0 cloak (worn)
Jewellery
 v - an uncursed ring of protection from cold
 E - a ring of protection from magic (right hand)
 K - a ring of protection from magic (left hand)
 O - a +4 amulet of reflection (around neck)
Wands
 r - a wand of paralysis (12/24)
 u - a wand of iceblast (6/15)
 R - a wand of iceblast (9/15)
 T - a wand of iceblast (5/15)
 V - a wand of paralysis (15/24)
 Y - a wand of flame (33/48)
Scrolls
 h - 12 scrolls of remove curse
 z - 5 scrolls of fear
 D - 3 scrolls of identify
 I - 4 scrolls of magic mapping
 L - a scroll of immolation
 Z - 2 scrolls of fog
Potions
 d - a potion of might
 g - 4 potions of agility
 j - 2 potions of cure mutation
 n - 3 potions of resistance
 s - a potion of invisibility
 w - 7 potions of curing
 C - 2 potions of heal wounds
 G - 3 potions of ambrosia
 H - 2 potions of flight
 J - 2 potions of mutation
 N - a potion of cancellation
Miscellaneous
 x - a disc of storms
Comestibles
 f - 7 bread rations
 i - 5 beef jerkies
 B - 4 slices of pizza
 F - a royal jelly
 Q - 11 meat rations
 U - 15 fruits


   Skills:
 + Level 11.6 Fighting
 + Level 10.8 Long Blades
 + Level 11.9 Armour
 + Level 12.9 Shields
 + Level 11.9 Invocations


You had 13 spell levels left.
You didn't know any spells.

Dungeon Overview and Level Annotations

Branches:
Dungeon (12/15)            Temple (1/1) D:5            Lair (3/8) D:10
    Orc (0/2) D:12
  Swamp: Lair:3-6    Shoals: Lair:3-6     Snake: Lair:3-6    Spider: Lair:3-6

Altars:
Ashenzari
Cheibriados
Dithmenos
Elyvilon
Fedhas
Gozag
Kikubaaqudgha
Makhleb
Nemelex Xobeh
Okawaru
Pakellas
Qazlal
Ru
Sif Muna
Trog
Vehumet
Xom
Yredelemnul
Zin
The Shining One

Annotations:
Lair:1 exclusion: oklob plant


Innate Abilities, Weirdness & Mutations

You are under a permanent stasis effect.
You can dig through walls and to a lower floor.
Your four strong arms can wield two-handed weapons with a shield.
You have a pair of large antennae on your head (SInv).
You are robust (+10% HP).


Message History

Unknown command.
Unknown command.
Unknown command.
You hit the death yak. You burn the death yak.
The death yak is moderately wounded.
The death yak gores you!
* * * LOW HITPOINT WARNING * * *
You slash the death yak! You burn the death yak.
The death yak is heavily wounded.
The death yak gores you but does no damage.
You hit the death yak. You burn the death yak.
The death yak is heavily wounded.
You block the death yak's attack.
You slash the death yak! You burn the death yak.
The death yak is severely wounded.
The death yak barely misses you.
You hit the death yak but do no damage.
The death yak is severely wounded.
The death yak gores you!!
You die...

### ### ####.## #####
..#####.##..######...######
..........^....Y@.............
+##........##.###................
...#.......######P......##.P#....
.#.#............##.....#...P##...
....+......#.....#...............
...#P......##....................
.####.>.....P..........##........
## #...........##..........##...
#(.....#..#.##..†.†##...##...


You could see a death yak.

Vanquished Creatures
  Josephine (D:12)
  Fannar (D:11)
  Harold (D:10)
  2 hydras
  A catoblepas (Lair:3)
  The ghost of nono the Blocker, a novice DDFi of Makhleb (D:8)
  A death yak (Lair:3)
  An unseen horror (D:12)
  6 hill giants
  A cyclops (D:11)
  9 elephants
  Psyche (D:12)
  A black mamba (Lair:2)
  Joseph (D:7)
  A torpor snail (Lair:3)
  7 spiny frogs
  3 komodo dragons
  2 trolls (D:10)
  2 two-headed ogres
  A wyvern (D:9)
  33 yaks
  Grum (Lair:1)
  4 wraiths (D:11)
  A hungry ghost (D:12)
  4 hippogriffs
  A steam dragon (D:11)
  Menkaure (D:5)
  2 mottled dragons (D:11)
  7 water moccasins
  6 porcupines
  6 ice beasts
  2 black bears (D:7)
  2 orc warriors
  3 sky beasts
  4 phantoms
  A necrophage (D:11)
  9 centaurs
  6 ogres
  5 crocodiles
  12 wolves
  2 big kobolds (D:10)
  3 giant frogs
  12 scorpions
  19 killer bees
  5 howler monkeys
  7 crimson imps
  5 hounds
  3 centaur zombies
  A quasit (D:8)
  5 gnoll shamans (D:6)
  6 orc priests
  15 orc wizards
  A giant frog skeleton (D:5)
  A centaur skeleton (D:6)
  8 worker ants
  6 iguanas
  2 big kobold zombies (Ossuary)
  A hound zombie (D:9)
  3 mummies (Ossuary)
  A hound skeleton (D:11)
  A worker ant zombie (D:10)
  Robin (D:2)
  15 adders
  30 gnolls
  2 scorpion zombies (Ossuary)
  24 river rats
  3 shadow imps
  An ooze (D:2)
  A worm zombie (D:4)
  2 adder skeletons (D:6)
  An adder zombie (D:9)
  2 worms (D:2)
  3 dart slugs
  3 giant geckos
  37 orcs
  A ball python (D:3)
  3 bats
  3 giant cockroaches
  2 gnoll zombies (Ossuary)
  21 goblins
  8 hobgoblins
  29 jackals
  13 kobolds
  4 quokkas
  A giant gecko skeleton (D:5)
  4 giant newts
  4 goblin zombies (Ossuary)
  2 hobgoblin zombies (Ossuary)
  3 kobold zombies
  An orc zombie (Ossuary)
  A quokka skeleton (D:7)
  5 rats (D:1)
491 creatures vanquished.

Vanquished Creatures (others)
  A scorpion (D:10)
  2 kobolds (D:10)
  A plant (Lair:1)
4 creatures vanquished.

Grand Total: 495 creatures vanquished

Notes
Turn   | Place    | Note
--------------------------------------------------------------
     0 | D:1      | George the Formicid Fighter began the quest for the Orb.
     0 | D:1      | Reached XP level 1. HP: 18/18 MP: 1/1
   259 | D:1      | Reached XP level 2. HP: 24/24 MP: 2/2
   279 | D:1      | You fall through a shaft!
   322 | D:2      | Reached XP level 3. HP: 19/29 MP: 3/3
   343 | D:2      | Reached skill level 4 in Shields
   363 | D:2      | Found a white marble altar of Elyvilon.
   379 | D:2      | Noticed Robin
   477 | D:2      | Killed Robin
   490 | D:2      | Reached XP level 4. HP: 18/36 MP: 4/4
   928 | D:2      | Found a shadowy altar of Dithmenos.
  1111 | D:2      | Found an iron altar of Okawaru.
  1111 | D:2      | Found a shimmering altar of Xom.
  1118 | D:2      | Became a worshipper of Warmaster Okawaru
  2062 | D:1      | Reached XP level 5. HP: 42/42 MP: 5/5
  2795 | D:3      | Found a stormy altar of Qazlal.
  2934 | D:3      | Reached XP level 6. HP: 44/48 MP: 6/6
  2942 | D:3      | Reached skill level 1 in Invocations
  3413 | D:4      | Found a sand-covered staircase.
  3438 | Ossuary  | Entered an ossuary
  3587 | Ossuary  | Reached skill level 5 in Armour
  3587 | Ossuary  | Reached skill level 5 in Shields
  3587 | Ossuary  | Reached XP level 7. HP: 47/55 MP: 6/8
  3686 | Ossuary  | Reached skill level 5 in Fighting
  3693 | Ossuary  | Reached * piety under Okawaru
  3827 | Ossuary  | Reached XP level 8. HP: 52/62 MP: 10/10
  4271 | D:4      | Reached skill level 6 in Shields
  4380 | D:4      | Reached ** piety under Okawaru
  4430 | D:4      | Found an iron altar of Okawaru.
  4487 | D:4      | Reached skill level 5 in Long Blades
  4896 | D:5      | Entered Level 5 of the Dungeon
  5023 | D:5      | Noticed Menkaure
  5034 | D:5      | Killed Menkaure
  5034 | D:5      | Reached XP level 9. HP: 22/69 MP: 3/12
  5164 | D:5      | Got a fine robe
  5175 | D:5      | Identified the +1 robe "Egewyi" {rElec rCorr Dex+4 Stlth-} (You found it on level 5 of the Dungeon)
  5358 | D:5      | Reached skill level 5 in Invocations
  5389 | D:5      | Found a staircase to the Ecumenical Temple.
  5636 | D:6      | Reached skill level 7 in Shields
  5660 | D:6      | Found a sacrificial altar of Ru.
  5754 | D:6      | Reached *** piety under Okawaru
  5790 | Temple   | Entered the Ecumenical Temple
  7076 | D:7      | Reached skill level 8 in Shields
  7262 | D:7      | Found a bloodstained altar of Trog.
  7272 | D:7      | Reached **** piety under Okawaru
  7272 | D:7      | Reached XP level 10. HP: 73/79 MP: 14/14
  7502 | D:7      | Noticed Joseph
  7540 | D:7      | Killed Joseph
  8402 | D:8      | Noticed nono's ghost (novice DDFi)
  8442 | D:8      | Killed nono's ghost
  8442 | D:8      | Reached ***** piety under Okawaru
  8442 | D:8      | Reached skill level 9 in Shields
  8952 | D:8      | Gained mutation: You are robust (+10% HP). [potion of beneficial mutation]
  9042 | D:9      | Found a sacrificial altar of Ru.
  9054 | D:9      | Found a sparkling altar of Nemelex Xobeh.
  9086 | D:9      | Reached XP level 11. HP: 95/95 MP: 16/16
  9315 | D:9      | Found a blossoming altar of Fedhas.
  9660 | D:10     | Entered Level 10 of the Dungeon
  9713 | D:10     | Received a gift from Okawaru
 10113 | D:10     | Reached skill level 10 in Shields
 10866 | D:10     | Noticed a hill giant
 10874 | D:10     | Killed a hill giant
 11100 | D:10     | Received a gift from Okawaru
 11269 | D:10     | Found a staircase to the Lair.
 11558 | D:11     | Noticed a cyclops
 11563 | D:11     | Noticed a hill giant
 11577 | D:11     | Killed a hill giant
 11583 | D:11     | Killed a cyclops
 11836 | D:11     | Received a gift from Okawaru
 12100 | D:11     | Noticed Fannar
 12112 | D:11     | Killed Fannar
 12112 | D:11     | Reached XP level 12. HP: 78/105 MP: 18/18
 12235 | D:11     | Received a gift from Okawaru
 12299 | D:11     | Reached skill level 10 in Armour
 12393 | D:11     | Reached skill level 10 in Fighting
 12393 | D:11     | Reached skill level 11 in Shields
 12652 | D:12     | Noticed Josephine
 12717 | D:12     | Killed Josephine
 13026 | D:12     | Reached skill level 10 in Invocations
 13048 | D:12     | Reached ****** piety under Okawaru
 13153 | D:12     | Found a staircase to the Orcish Mines.
 13209 | D:12     | Noticed an unseen horror
 13212 | D:12     | Received a gift from Okawaru
 13225 | D:12     | Killed an unseen horror
 13299 | D:12     | Noticed Psyche
 13308 | D:12     | Killed Psyche
 13313 | D:12     | Found a burning altar of Makhleb.
 13570 | D:12     | Reached XP level 13. HP: 104/114 MP: 20/20
 13784 | Lair:1   | Entered Level 1 of the Lair of Beasts
 13784 | Lair:1   | Noticed Harold
 13793 | D:10     | Killed Harold
 13849 | Lair:1   | Noticed Grum
 13856 | Lair:1   | Killed Grum
 14336 | Lair:1   | Reached skill level 12 in Shields
 14339 | Lair:1   | Received a gift from Okawaru
 14339 | Lair:1   | Reached skill level 10 in Long Blades
 14541 | Lair:1   | Noticed a five-headed hydra
 14548 | Lair:1   | Killed a two-headed hydra
 14939 | Lair:2   | Noticed a six-headed hydra
 14946 | Lair:2   | Killed a two-headed hydra
 16055 | Lair:3   | Received a gift from Okawaru
 16480 | Lair:3   | Noticed a catoblepas
 16527 | Lair:3   | Killed a catoblepas
 16789 | Lair:2   | Reached XP level 14. HP: 72/124 MP: 22/22
 17209 | Lair:3   | HP: 6/124 [death yak[a torpor snail] (16)]
 17297 | Lair:3   | Slain by a death yak

Vault maps used:
D:1:      eino_arrival_cavern_b, minmay_misc_feat_plants
D:2:      lemuel_round_altar, amethyst_overflow_temple_binary,
          overflow_temple_1_default, uniq_robin
D:3:      grunt_qazlal_clouds
D:4:      enter_ossuary_3, first_bread, okawaru_ov_weapons_minmay
D:5:      kennysheep_big_flooded_room, minmay_temple_entry_from_below_b,
          uniq_menkaure
D:6:      lemuel_castle_with_subvaults, basic_altar
D:7:      trog_ov_bears_minmay, uniq_joseph
D:9:      lemuel_crystal_altar, nemelex_xobeh_ov_fountains_minmay,
          hangedman_tree_tricks
D:10:     lair_0_dummy
D:11:     uniq_fannar
D:12:     orc_0_dummy, bloody_makhleb, uniq_psyche, uniq_josephine
Temple:   eino_narrow_crystal_temple_b_12
Lair:1:   minmay_lair_oklob_bushes, uniq_harold, uniq_grum
Lair:3:   small_statue_intersection
Ossuary:  ossuary_minmay_scorpions

Skill      XL: |  1  2  3  4  5  6  7  8  9 10 11 12 13 |
---------------+----------------------------------------+-----
Shields        | 4 5 6 8 9 10 11 12 | 12.9
Long Blades    | 3 4 5 6 7 8 9 10 | 10.8
Armour         | 4 5 6 7 8 9 10 11 | 11.9
Fighting       | 4 5 6 7 8 9 10 11 | 11.6
Invocations    | 2 3 4 6 7 9 10 11 | 11.9

Action                   |  1- 3 |  4- 6 |  7- 9 | 10-12 | 13-15 || total
-------------------------+-------+-------+-------+-------+-------++-------
Melee: Long sword        |    81 |   124 |       |       |       ||   205
       Scimitar          |       |   118 |   282 |       |       ||   400
       Great sword       |       |       |   305 |   906 |   523 ||  1734
Invok: Heroism           |       |       |     1 |     2 |     1 ||     4
 Abil: Dig               |     1 |       |     5 |     4 |     2 ||    12
  Use: Scroll            |       |    12 |     9 |     6 |     5 ||    32
       Potion            |       |       |       |     1 |       ||     1
  Eat: Chunk             |       |     9 |     9 |    23 |    13 ||    54
       Bread ration      |       |       |     1 |       |       ||     1
Armor: Scale mail        |    32 |    51 |       |       |       ||    83
       Chain mail        |       |    36 |   250 |    46 |       ||   332
       Plate armour      |       |       |       |   125 |       ||   125
       Gold dragon armou |       |       |       |   266 |   350 ||   616
Dodge: Dodged            |    27 |    69 |   140 |   179 |   113 ||   528
Block: Shield            |    33 |   134 |   309 |   883 |   586 ||  1945
       Reflection        |       |       |       |    15 |       ||    15
